 Dungeon Crawl Stone Soup version 0.23.2-1-ga50397a (webtiles) character file.

Game seed: 7883658635482713196

8278 IBeShadow the Magician (level 11, -1/85 HPs)
             Began as a Gnoll Skald on May 29, 2019.
             Was an Elder of Cheibriados.
             Slain by an orc priest
             ... wielding a +0 dagger
              (3 damage)
             ... on level 10 of the Dungeon.
             The game lasted 00:26:05 (12748 turns).

IBeShadow the Magician (Gnoll Skald)               Turns: 12748, Time: 00:26:06

Health: -1/85      AC:  7    Str: 25    XL:     11   Next: 28%
Magic:  0/22       EV: 18    Int: 25    God:    Cheibriados [****..]
Gold:   573        SH:  0    Dex: 24    Spells: 14/25 levels left

rFire    . . .     SeeInvis .   B - +0 halberd
rCold    + . .     Gourm    .   (shield currently unavailable)
rNeg     . . .     Faith    .   H - +2 leather armour {rPois}
rPois    +         Spirit   +   (no helmet)
rElec    .         Reflect  .   Q - scarf {Spirit}
rCorr    .         Harm     .   (no gloves)
MR       .....                  (no boots)
Stlth    +++.......             (no amulet)
HPRegen  1.24/turn              t - ring of protection from cold
MPRegen  0.18/turn              Y - +2 ring of protection

@: infused, regenerating, drained, very slow
A: distributed training, fangs 1, strong nose
a: Bend Time, Temporal Distortion, Slouch, Renounce Religion


You were on level 10 of the Dungeon.
You worshipped Cheibriados.
Cheibriados was greatly pleased with you.
You were not hungry.

You visited 2 branches of the dungeon, and saw 12 of its levels.

You collected 573 gold pieces.

Inventory:

Hand Weapons
 v - a +0 blowgun
 B - a +0 halberd (weapon)
 J - a +2 hunting sling of freezing
 W - a +0 shortbow
Missiles
 a - 122 arrows
 k - 68 stones
 q - 42 poisoned needles
 w - 4 curare-tipped needles
 x - 51 sling bullets
 G - 77 bolts
 P - a throwing net (quivered)
Armour
 F - a +0 cloak
 H - a +2 leather armour of poison resistance (worn)
 Q - a scarf of spirit shield (worn)
Magical Staves
 O - an uncursed staff of wizardry {unknown}
Jewellery
 t - a ring of protection from cold (left hand)
 y - an uncursed ring of wizardry {unknown}
 Y - a +2 ring of protection (right hand)
Wands
 E - a wand of iceblast (9)
 I - a wand of disintegration (13)
 K - a wand of digging (3)
 L - a wand of polymorph (6)
 N - a wand of paralysis (6)
Scrolls
 b - a scroll of blinking {unknown}
 e - 7 scrolls of remove curse
 h - 3 scrolls of identify
 o - a scroll of amnesia
 r - a scroll of brand weapon {unknown}
 u - a scroll of fear {unknown}
 z - a scroll of magic mapping
 C - 5 scrolls of teleportation
 D - 2 scrolls of immolation
 M - a scroll of fog {unknown}
 R - a scroll of vulnerability {unknown}
 S - a scroll of silence {unknown}
 T - a scroll of enchant armour {unknown}
 U - a scroll of random uselessness {unknown}
 V - a scroll of enchant weapon {unknown}
Potions
 c - 2 potions of brilliance
 f - a potion of flight {unknown}
 g - a potion of invisibility
 i - 4 potions of cancellation
 j - 3 potions of mutation
 l - 2 potions of lignification
 m - 3 potions of agility
 n - a potion of heal wounds
 s - a potion of ambrosia {unknown}
 A - 6 potions of curing
 X - a potion of resistance {unknown}
 Z - a potion of degeneration {unknown}
Comestibles
 d - 18 rations
 p - a chunk of flesh


   Skills:
 + Level 7.6(7.0) Fighting
 + Level 6.0(5.4) Short Blades
 + Level 6.0(5.4) Long Blades
 + Level 6.0(5.4) Axes
 + Level 6.0(5.4) Maces & Flails
 + Level 7.6(7.0) Polearms
 + Level 6.0(5.4) Staves
 + Level 6.0(5.4) Slings
 + Level 6.0(5.4) Bows
 + Level 6.0(5.4) Crossbows
 + Level 6.0(5.4) Throwing
 + Level 6.6(5.9) Armour
 + Level 7.6(7.0) Dodging
 + Level 6.0(5.4) Stealth
 + Level 6.0(5.4) Shields
 + Level 6.0(5.4) Unarmed Combat
 + Level 7.9(7.2) Spellcasting
 + Level 5.0(4.3) Conjurations
 + Level 5.0(4.3) Hexes
 + Level 7.5(6.8) Charms
 + Level 5.0(4.3) Summonings
 + Level 5.0(4.3) Necromancy
 + Level 5.0(4.3) Translocations
 + Level 5.0(4.3) Transmutations
 + Level 5.0(4.3) Fire Magic
 + Level 5.0(4.3) Ice Magic
 + Level 5.0(4.3) Air Magic
 + Level 5.0(4.3) Earth Magic
 + Level 5.0(4.3) Poison Magic
 + Level 6.6(5.9) Invocations
 + Level 6.0(5.4) Evocations


You had 14 spell levels left.
You knew the following spells:

 Your Spells              Type           Power        Failure   Level  Hunger
a - Infusion              Chrm           ####         1%          1    None
b - Song of Slaying       Chrm           #####...     1%          2    None
c - Shroud of Golubria    Chrm/Tloc      #####.....   1%          2    None
d - Regeneration          Chrm/Necr      #####.....   2%          3    None
e - Spectral Weapon       Hex/Chrm       #####...     2%          3    None

Your spell library contained the following spells:

 Spells                   Type           Power        Failure   Level  Hunger
 Animate Skeleton         Necr           N/A          1%          1    None
 Apportation              Tloc           ####..       1%          1    None
 Beastly Appendage        Tmut           ####..       1%          1    None
 Confusing Touch          Hex            ####..       1%          1    None
 Summon Small Mammal      Summ           ####         1%          1    None
 Sticks to Snakes         Tmut           ####....     1%          2    None
 Spider Form              Tmut/Pois      ####......   3%          3    None
 Ice Form                 Ice/Tmut       ####....     12%         4    ###....
 Blade Hands              Tmut           ####......   32%         5    #####..


Dungeon Overview and Level Annotations

Branches:
Dungeon (11/15)            Temple (1/1) D:7
   Lair: D:8-11         Orc: D:9-12

Altars:
Ashenzari
Cheibriados
Dithmenos
Elyvilon
Fedhas
Gozag
Hepliaklqana
Kikubaaqudgha
Makhleb
Nemelex Xobeh
Okawaru
Qazlal
Ru
Sif Muna
Trog
Uskayaw
Vehumet
Wu Jian
Xom
Yredelemnul
Zin
The Shining One
Jiyva

Annotations:
D:9 1 runed translucent door, Erolcha; grovermoveover's ghost, novice TrBe
D:11 Fannar


Innate Abilities, Weirdness & Mutations

Your experience applies equally to all skills.
You have very sharp teeth.
Your uncanny sense of smell can sniff out nearby items.


Message History

Beogh smites you!
The wight hits you with a +2 war axe of freezing.
You feel drained. The wight freezes you.
* * * LOW HITPOINT WARNING * * *
The orc warrior hits you but does no damage.
You closely miss the orc priest.
You bite the orc priest, but do no damage.
The orc priest is almost dead.
The orc priest mumbles some strange prayers to Beogh against you.
Beogh smites you!
* * * LOW HITPOINT WARNING * * *
The wight hits you with a +2 war axe of freezing!
* * * LOW HITPOINT WARNING * * *
You feel drained.
* * * LOW HITPOINT WARNING * * *
The wight freezes you.
The orc warrior hits you with a +0 short sword of holy wrath.
* * * LOW HITPOINT WARNING * * *
The orc priest hits you with a +0 dagger.
You die...

#.# #...######
##.######...#.....
#########.......'...'.....
#............##.#...#.....
#..######..#.##.#.........
#..# #..#.##.###.....##
#..# #..#.##.# #.###...
#..# #..#.#..###.#####.
#..# #@o#...♣.#...###.#
#..# #zo...♣P♣#....##.P
#..######..#..♣P.♣♣♣.♣.P.♣
#................♣♣...♣..♣
##.........#.P♣♣♣♣♣.).♣♣♣♣
#########.....♣....P..♣...
#...# ####.♣♣.P...♣♣...P
#.#.# #..#..P♣♣......
#.#.# #..#♣♣.....♣♣♣♣


You could see an orc warrior, a wight and an orc priest.

Vanquished Creatures
  3 two-headed ogres
  Pikel (D:8)
  Maurice (D:8)
  Joseph (D:8)
  A troll (D:10)
  A wyvern (D:10)
  2 hungry ghosts (D:9)
  A steam dragon (D:8)
  A soldier ant (D:9)
  4 porcupines (D:10)
  Duvessa (D:6)
  An orc warrior (D:6)
  A slave (D:8)
  5 sky beasts
  A hornet zombie (D:7)
  5 ogres
  A phantom (D:8)
  An eye of draining (D:10)
  A necrophage (D:9)
  4 centaurs
  A big kobold (D:10)
  Blork the orc (D:5)
  8 bullfrogs
  Dowan (D:6)
  A wyvern skeleton (D:7)
  4 howler monkeys
  2 crimson imps
  4 jellies (D:9)
  3 hounds
  6 orc wizards
  A quasit (D:10)
  2 orc priests (D:6)
  A gnoll shaman (D:7)
  An iron imp (D:6)
  A bullfrog skeleton (D:5)
  An iguana (D:6)
  Terence (D:2)
  8 worker ants
  A howler monkey skeleton (D:7)
  16 gnolls
  13 adders
  2 shadow imps
  7 oozes
  An adder zombie (D:5)
  An adder skeleton (D:8)
  7 worms
  3 dart slugs
  3 leopard geckos
  27 orcs
  4 bats
  5 giant cockroaches
  10 goblins
  13 hobgoblins
  7 jackals
  5 quokkas
  2 ball pythons (D:3)
  3 frilled lizards
  A giant cockroach zombie (D:5)
  2 jackal skeletons
  15 kobolds
  2 quokka skeletons
  A quokka zombie (D:8)
  10 rats
245 creatures vanquished.

Vanquished Creatures (others)
  An iguana (D:8)
  2 fungi (D:9)
  A plant (D:10)
  10 spectral weapons
14 creatures vanquished.

Grand Total: 259 creatures vanquished

Notes
Turn   | Place    | Note
-------+----------+-------------------------------------------
     0 | D:1      | IBeShadow the Gnoll Skald began the quest for the Orb.
     0 | D:1      | Reached XP level 1. HP: 20/20 MP: 6/6
   194 | D:1      | Reached XP level 2. HP: 26/26 MP: 7/7
   930 | D:2      | Reached XP level 3. HP: 31/31 MP: 9/9
   967 | D:2      | Reached skill level 5 in Spellcasting
  1051 | D:2      | Noticed Terence
  1068 | D:2      | Killed Terence
  1068 | D:2      | Reached skill level 1 in Short Blades
  1068 | D:2      | Reached skill level 1 in Long Blades
  1068 | D:2      | Reached skill level 1 in Axes
  1068 | D:2      | Reached skill level 1 in Maces & Flails
  1068 | D:2      | Reached skill level 1 in Staves
  1068 | D:2      | Reached skill level 1 in Slings
  1068 | D:2      | Reached skill level 1 in Bows
  1068 | D:2      | Reached skill level 1 in Crossbows
  1068 | D:2      | Reached skill level 1 in Throwing
  1068 | D:2      | Reached skill level 1 in Stealth
  1068 | D:2      | Reached skill level 1 in Shields
  1068 | D:2      | Reached skill level 1 in Unarmed Combat
  1068 | D:2      | Reached skill level 1 in Invocations
  1068 | D:2      | Reached skill level 1 in Evocations
  1068 | D:2      | Reached XP level 4. HP: 24/38 MP: 4/11
  1818 | D:3      | Reached skill level 1 in Conjurations
  1818 | D:3      | Reached skill level 1 in Hexes
  1818 | D:3      | Reached skill level 1 in Summonings
  1818 | D:3      | Reached skill level 1 in Necromancy
  1818 | D:3      | Reached skill level 1 in Translocations
  1818 | D:3      | Reached skill level 1 in Transmutations
  1818 | D:3      | Reached skill level 1 in Fire Magic
  1818 | D:3      | Reached skill level 1 in Ice Magic
  1818 | D:3      | Reached skill level 1 in Air Magic
  1818 | D:3      | Reached skill level 1 in Earth Magic
  1818 | D:3      | Reached skill level 1 in Poison Magic
  2299 | D:3      | Reached XP level 5. HP: 41/43 MP: 12/12
  2328 | D:3      | Learned a level 2 spell: Song of Slaying
  2331 | D:3      | Learned a level 2 spell: Shroud of Golubria
  2335 | D:3      | Learned a level 3 spell: Regeneration
  2416 | D:3      | Learned a level 3 spell: Spectral Weapon
  3236 | D:4      | Noticed an ogre
  3247 | D:4      | Killed an ogre
  3247 | D:4      | Reached XP level 6. HP: 28/50 MP: 13/13
  3612 | D:4      | Reached skill level 5 in Fighting
  3612 | D:4      | Reached skill level 5 in Polearms
  3612 | D:4      | Reached skill level 5 in Dodging
  3676 | D:4      | Reached XP level 7. HP: 56/56 MP: 6/15
  4240 | D:5      | Entered Level 5 of the Dungeon
  5261 | D:5      | Noticed Blork the orc
  5270 | D:5      | Killed Blork the orc
  5420 | D:6      | Reached XP level 8. HP: 53/63 MP: 6/16
  6110 | D:6      | Noticed Dowan
  6111 | D:6      | Noticed Duvessa
  6126 | D:6      | Killed Duvessa
  6130 | D:6      | Killed Dowan
  6656 | D:6      | Found a snail-covered altar of Cheibriados.
  6676 | D:6      | Became a worshipper of Cheibriados the Contemplative
  7142 | D:7      | Reached XP level 9. HP: 41/69 MP: 18/18
  7224 | D:7      | HP: 2/69 [hornet zombie (7)]
  7662 | D:7      | Reached * piety under Cheibriados
  7838 | D:7      | Found a staircase to the Ecumenical Temple.
  7849 | Temple   | Entered the Ecumenical Temple
  8635 | D:8      | Noticed a two-headed ogre
  8644 | D:8      | Killed a two-headed ogre
  8644 | D:8      | Reached skill level 5 in Armour
  8808 | D:8      | Reached skill level 5 in Invocations
  8984 | D:8      | Noticed Pikel
  8989 | D:8      | Killed Pikel
  8989 | D:8      | Reached XP level 10. HP: 77/77 MP: 11/20
  9004 | D:8      | Reached ** piety under Cheibriados
  9027 | D:8      | Noticed Joseph
  9355 | D:8      | Killed Joseph
  9355 | D:8      | Reached skill level 5 in Short Blades
  9355 | D:8      | Reached skill level 5 in Long Blades
  9355 | D:8      | Reached skill level 5 in Axes
  9355 | D:8      | Reached skill level 5 in Maces & Flails
  9355 | D:8      | Reached skill level 5 in Staves
  9355 | D:8      | Reached skill level 5 in Slings
  9355 | D:8      | Reached skill level 5 in Bows
  9355 | D:8      | Reached skill level 5 in Crossbows
  9355 | D:8      | Reached skill level 5 in Throwing
  9355 | D:8      | Reached skill level 5 in Stealth
  9355 | D:8      | Reached skill level 5 in Shields
  9355 | D:8      | Reached skill level 5 in Unarmed Combat
  9355 | D:8      | Reached skill level 5 in Evocations
  9699 | D:8      | Noticed Maurice
 10040 | D:8      | Killed Maurice
 10847 | D:9      | Found a runed translucent door.
 10851 | D:9      | Noticed grovermoveover's ghost (novice TrBe)
 10858 | D:9      | Reached *** piety under Cheibriados
 10938 | D:9      | Found a viscous altar of Jiyva.
 11041 | D:9      | Noticed Erolcha
 11232 | D:10     | Entered Level 10 of the Dungeon
 11383 | D:10     | Noticed a two-headed ogre
 11394 | D:10     | Killed a two-headed ogre
 11394 | D:10     | Reached XP level 11. HP: 32/83 MP: 5/22
 12103 | D:10     | Noticed a two-headed ogre
 12123 | D:10     | Killed a two-headed ogre
 12128 | D:10     | Reached skill level 5 in Conjurations
 12128 | D:10     | Reached skill level 5 in Hexes
 12128 | D:10     | Reached skill level 5 in Summonings
 12128 | D:10     | Reached skill level 5 in Necromancy
 12128 | D:10     | Reached skill level 5 in Translocations
 12128 | D:10     | Reached skill level 5 in Transmutations
 12128 | D:10     | Reached skill level 5 in Fire Magic
 12128 | D:10     | Reached skill level 5 in Ice Magic
 12128 | D:10     | Reached skill level 5 in Air Magic
 12128 | D:10     | Reached skill level 5 in Earth Magic
 12128 | D:10     | Reached skill level 5 in Poison Magic
 12561 | D:10     | Reached **** piety under Cheibriados
 12737 | D:11     | Noticed Fannar
 12748 | D:10     | HP: 2/85 [orc warrior/+0 short sword of holy wrath (4)]
 12748 | D:10     | Slain by an orc priest

Skill      XL: |  1  2  3  4  5  6  7  8  9 10 11 |
---------------+----------------------------------+-----
Spellcasting   | 5 6 7 |  7.9
Short Blades   | 1 2 3 4 5 6 |  6.0
Long Blades    | 1 2 3 4 5 6 |  6.0
Axes           | 1 2 3 4 5 6 |  6.0
Maces & Flails | 1 2 3 4 5 6 |  6.0
Staves         | 1 2 3 4 5 6 |  6.0
Slings         | 1 2 3 4 5 6 |  6.0
Bows           | 1 2 3 4 5 6 |  6.0
Crossbows      | 1 2 3 4 5 6 |  6.0
Throwing       | 1 2 3 4 5 6 |  6.0
Stealth        | 1 2 3 4 5 6 |  6.0
Shields        | 1 2 3 4 5 6 |  6.0
Unarmed Combat | 1 2 3 4 5 6 |  6.0
Invocations    | 1 2 3 4 5 6 |  6.6
Evocations     | 1 2 3 4 5 6 |  6.0
Conjurations   | 1 2 3 4 5 |  5.0
Hexes          | 1 2 3 4 5 |  5.0
Summonings     | 1 2 3 4 5 |  5.0
Necromancy     | 1 2 3 4 5 |  5.0
Translocations | 1 2 3 4 5 |  5.0
Transmutations | 1 2 3 4 5 |  5.0
Fire Magic     | 1 2 3 4 5 |  5.0
Ice Magic      | 1 2 3 4 5 |  5.0
Air Magic      | 1 2 3 4 5 |  5.0
Earth Magic    | 1 2 3 4 5 |  5.0
Poison Magic   | 1 2 3 4 5 |  5.0
Armour         | 3 4 5 6 |  6.6
Fighting       | 5 6 7 |  7.6
Polearms       | 5 6 7 |  7.6
Dodging        | 5 6 7 |  7.6
Charms         | 6 7 |  7.5

Action                   |  1- 3 |  4- 6 |  7- 9 | 10-12 || total
-------------------------+-------+-------+-------+-------++-------
Melee: Spear             |    63 |   224 |       |       ||   287
       Bite              |     1 |    21 |    24 |    44 ||    90
       Punch             |     1 |       |       |       ||     1
       Trident           |       |    25 |    17 |       ||    42
       Halberd           |       |       |   329 |   248 ||   577
 Fire: Blowgun           |       |     1 |       |       ||     1
 Cast: Infusion          |     1 |     2 |     3 |     5 ||    11
       Shroud of Golubri |       |     2 |     8 |     5 ||    15
       Spectral Weapon   |       |       |    17 |    15 ||    32
       Regeneration      |       |       |     7 |     4 ||    11
       Song of Slaying   |       |       |     1 |       ||     1
Invok: Bend Time         |       |       |       |     2 ||     2
Evoke: Wand              |       |       |     4 |       ||     4
  Use: Scroll            |       |       |     8 |     3 ||    11
       Potion            |       |       |     4 |     2 ||     6
 Stab: Sleeping          |     3 |       |     6 |     4 ||    13
       Invisible         |       |       |     2 |       ||     2
       Distracted        |       |       |       |     2 ||     2
  Eat: Chunk             |       |     9 |    13 |     9 ||    31
       Ration            |       |       |     1 |       ||     1
Armor: Leather armour    |     1 |       |    46 |    28 ||    75
       Scale mail        |       |    31 |       |       ||    31
       Ring mail         |       |     8 |    46 |    22 ||    76
Dodge: Dodged            |    27 |   113 |   324 |   243 ||   707
